 Dungeon Crawl Stone Soup version 0.25.1-11-g244df3a29b (webtiles) character file.

Game seed: 18390204185857416799

151443 DeepDeath the Bludgeoner (level 17, -3/110 HPs)
             Began as a Gargoyle Abyssal Knight on Dec 8, 2023.
             Was the Champion of Lugonu.
             Slain by a redback (15 damage)
             ... on level 15 of the Dungeon on Dec 9, 2023.
             The game lasted 02:39:10 (34843 turns).

DeepDeath the Bludgeoner (Gargoyle Abyssal Knight) Turns: 34843, Time: 02:39:11

Health: -3/110     AC: 34    Str: 27    XL:     17   Next: 56%
Magic:  26/26      EV: 12    Int: 18    God:    Lugonu [******]
Gold:   318        SH:  0    Dex: 11    Spells: 17/20 levels left

rFire    + + +     SeeInvis +   w - +4 eveningstar (venom)
rCold    + . .     Gourm    .   (no shield)
rNeg     + . .     Faith    .   Q - +2 chain mail {rF+}
rPois    ∞         Spirit   .   d - +1 helmet
rElec    +         Reflect  .   R - scarf {rC+ rF+}
rCorr    .         Harm     .   X - +0 pair of gloves
MR       +....                  I - +0 pair of boots "Paolaoz" {rElec rF+ Str+3}
Stlth    ..........             u - amulet of regeneration
HPRegen  0.68/turn              G - ring of see invisible
MPRegen  0.20/turn              r - +6 ring of strength

@: berserk cooldown, hasted and slowed
A: big wings, claws 1, clever 1, negative energy resistance 1, electricity
resistance, unbreathing, petrification resistance, rot immunity, AC +12
a: Fly, Depart the Abyss, Bend Space, Banish, Corrupt, Enter the Abyss, Brand
Weapon With Distortion, Renounce Religion


You were on level 15 of the Dungeon.
You worshipped Lugonu.
Lugonu was exalted by your worship.
You were hungry.

You visited 5 branches of the dungeon, and saw 28 of its levels.
You visited the Abyss 1 time.

You collected 3213 gold pieces.
You spent 2895 gold pieces at shops.

Inventory:

Hand Weapons
 e - the +3 war axe "Ippigge" {freeze, Dex+3}
   (You found it on level 4 of the Lair of Beasts)

   It has been specially enchanted to freeze those struck by it, causing extra
   injury to most foes and up to half again as much damage against particularly
   susceptible opponents.
   It can also slow down cold-blooded creatures.
   It affects your dexterity (+3).
 w - a +4 eveningstar of venom (weapon)
Missiles
 B - 23 boomerangs (quivered)
 D - 39 poisoned darts
Armour
 d - a +1 helmet (worn)
 I - the +0 pair of boots "Paolaoz" (worn) {rElec rF+ Str+3}
   (You found it on level 7 of the Dungeon)

   It affects your strength (+3).
   It protects you from fire.
   It insulates you from electricity.
 Q - a +2 chain mail of fire resistance (worn)
 R - a scarf of resistance (worn)
 X - a +0 pair of gloves (worn)
Jewellery
 m - an uncursed ring of protection from fire
 q - an uncursed ring of resist corrosion
 r - a +6 ring of strength (right hand)
 u - an amulet of regeneration (around neck)
 F - an uncursed ring of protection from cold
 G - a ring of see invisible (left hand)
 J - an uncursed ring of protection from cold
 U - an uncursed ring of positive energy
Wands
 i - a wand of paralysis (44)
 l - a wand of digging (2)
 z - a wand of acid (3)
 A - a wand of iceblast (10)
 H - a wand of disintegration (3)
 P - a wand of flame (25)
Scrolls
 g - 11 scrolls of teleportation
 n - 10 scrolls of remove curse
 p - a scroll of silence
 s - a scroll of blinking
 t - 3 scrolls of noise
 x - 2 scrolls of fear
 y - 3 scrolls of magic mapping
 C - 3 scrolls of holy word
 E - a scroll of fog
 W - 9 scrolls of identify
Potions
 b - 3 potions of heal wounds
 c - 11 potions of curing
 h - a potion of invisibility
 k - 2 potions of stabbing
 o - 4 potions of ambrosia
 v - 2 potions of berserk rage
 K - a potion of magic
 L - a potion of resistance
 O - 3 potions of cancellation
Miscellaneous
 V - a phial of floods
Comestibles
 f - 41 rations


   Skills:
 + Level 13.9 Fighting
 - Level 9.6(13.3) Axes
 - Level 16.0(16.9) Maces & Flails
 - Level 8.0 Throwing
 * Level 14.7 Armour
 - Level 7.0 Dodging
 - Level 2.0 Spellcasting
 - Level 2.0 Conjurations
 - Level 12.0 Invocations
 - Level 2.0 Evocations


You had 17 spell levels left.
You knew the following spells:

 Your Spells              Type           Power        Failure   Level  Hunger
d - Magic Dart            Conj           #...         28%         1    #......
r - Searing Ray           Conj           #.....       41%         2    ###....

Your spell library contained the following spells:

 Spells                   Type           Power        Failure   Level  Hunger
 Beastly Appendage        Tmut           #.....       54%         1    #......
 Infusion                 Chrm           #...         54%         1    #......
 Sting                    Tmut/Pois      #...         54%         1    #......
 Passwall                 Tmut/Erth      #.......     69%         2    ###....
 Poisonous Vapours        Pois/Air       #.....       69%         2    ###....
 Shroud of Golubria       Chrm/Tloc      #.....       69%         2    ###....
 Song of Slaying          Chrm           #.......     69%         2    ###....
 Sticks to Snakes         Tmut           #.......     69%         2    ###....
 Swiftness                Chrm/Air       #.......     69%         2    ###....
 Dazzling Flash           Conj/Hex       #.....       78%         3    ###....
 Mephitic Cloud           Conj/Pois/Air  #.......     83%         3    ###....
 Ignite Poison            Fire/Tmut/Pois #.......     89%         3    ###....
 Ozocubu's Armour         Chrm/Ice       #.......     89%         3    ###....
 Recall                   Summ/Tloc      N/A          89%         3    ###....
 Spectral Weapon          Hex/Chrm       #.......     89%         3    ###....
 Spider Form              Tmut/Pois      #.........   89%         3    ###....
 Fulminant Prism          Conj/Hex       #.........   99%         4    #####..
 Iskenderun's Mystic Bla  Conj/Tloc      #.......     99%         4    #####..
 Animate Dead             Necr           N/A          100%        4    #####..
 Ice Form                 Ice/Tmut       #.......     100%        4    #####..
 Olgreb's Toxic Radiance  Pois           #.......     100%        4    #####..
 Passage of Golubria      Tloc           N/A          100%        4    #####..
 Petrify                  Tmut/Erth      #.......     100%        4    #####..
 Alistair's Intoxication  Tmut/Pois      #.......     100%        5    ######.
 Blade Hands              Tmut           #.........   100%        5    ######.
 Borgnjor's Vile Clutch   Necr/Erth      #.........   100%        5    ######.
 Irradiate                Conj/Tmut      #.........   100%        5    ######.
 Lee's Rapid Deconstruct  Erth           #.........   100%        5    ######.
 Darkness                 Hex            #.........   100%        6    #######
 Death Channel            Necr           #.........   100%        6    #######
 Eringya's Noxious Bog    Tmut/Pois      #.........   100%        6    #######
 Invisibility             Hex            #.......     100%        6    #######
 Simulacrum               Ice/Necr       #.........   100%        6    #######
 Sublimation of Blood     Necr           Unusable     N/A         2    N/A

Dungeon Overview and Level Annotations

Branches:
Dungeon (15/15)            Temple (1/1) D:5            Lair (6/6) D:9
 Shoals (0/4) Lair:3       Spider (4/4) Lair:2        Slime (0/5) Lair:5
    Orc (2/2) D:11            Elf (0/3) Orc:2        Vaults (0/5) D:14
 Depths (0/5) D:15

Altars:
Ashenzari
Cheibriados
Dithmenos
Elyvilon
Fedhas
Gozag
Hepliaklqana
Kikubaaqudgha
Makhleb
Nemelex Xobeh
Okawaru
Qazlal
Ru
Sif Muna
Trog
Uskayaw
Vehumet
Wu Jian
Xom
Yredelemnul
Zin
The Shining One
Beogh

Shops:
D:9 (   D:10 (   D:13 ([   D:14 *[   Orc:2 [=%??

Annotations:
D:10 exclusion: orange crystal statue
D:15 Yamstis's ghost, adept GnMo
Lair:4 3 runed translucent doors, Bananafolds's ghost, journeyman MfSk
Spider:1 2 transporters, Zosacw's ghost, adept HaHu
Spider:3 Roxanne


Innate Abilities, Weirdness & Mutations

You are resistant to torment.
Your stone body is resilient. (AC +12)
You are immune to poison.
Your large and strong wings let you fly indefinitely.
You resist negative energy. (rN+)
You are resistant to electric shocks. (rElec)
You can survive without breathing.
You are immune to petrification.
You are immune to rotting.
You have sharp fingernails.
Your mind is acute. (Int +2)


Message History

There is a transporter here.
Unknown command.
You enter the transporter and appear at another place.
You are no longer berserk.
You are exhausted.
You feel yourself slow down.
You hear an angry hiss.
The redback closely misses you.
You hear a bellow!
You bludgeon the redback!!
The redback looks as sick as possible!
The redback is heavily wounded.
The redback misses you.
You hear a bellow!
You hear an angry hiss.
The redback barely misses you.
You hit the redback.
The redback looks as sick as possible!
The redback is heavily wounded.
You hear an angry hiss.
The redback bites you but does no damage.
The redback bites you!
You die...

#.##...# #.......(# #.# #.# #
#.##...# #........# #.# #.# #
#.##...# #.....(..# #.# #.# #
#.##...# #........# #.# #.# #
#.##...# #........# #.# #.# #
#.##...# #........# #.# #.# #
#.##...###........# #.###.# #
#.##........s(....# #.....# #
#.#.....####@###..###.....# #
#.#.#####..###.##(.##.###.###
#####...#....#......##.##.#
#....
.......##...#...#....#.##.#
#....
.......#(...).#W.##..#....#
#.##.
#####..#D.##..©..#Y.©#....#
#.##. #..#.....#Ds.D.#.##...#
#.##. #..##.##.."###.ss.#...#
#.##. #...#...$?:?)y#..##.).#
#.##.


You could see a redback (berserk, extremely poisoned).

Vanquished Creatures
  Arachne (Spider:2)
  Jorgrun (D:12)
  Asterion (Spider:4)
  Frances (D:13)
  Kirke (Spider:2)
  3 ghost moths
  5 emperor scorpions
  6 entropy weavers
  An ironheart preserver (D:14)
  A stone giant (Orc:1)
  Snorg (Lair:6)
  Harold (D:7)
  11 hydras
  4 catoblepae
  2 centaur warriors
  4 two-headed ogres
  8 death yaks (Lair:6)
  3 orc high priests (Orc:2)
  A tengu warrior (D:13)
  4 skeletal warriors (D:14)
  17 orb spiders
  6 orc knights
  15 wolf spiders
  4 orc sorcerers
  6 cyclopes
  7 manticores
  5 oklob plants
  4 ugly things
  A salamander (D:15)
  4 merfolk sirens (Lair:3)
  3 centaur zombies
  Maurice (D:13)
  3 black mambas
  10 spiny frogs
  An eye of devastation (Lair:5)
  3 gargoyles
  A rime drake (Lair:5)
  2 kobold demonologists (D:13)
  6 komodo dragons
  A freezing wraith (D:15)
  4 demonic crawlers
  A yaktaur (D:15)
  An efreet (D:14)
  4 polar bears
  22 jumping spiders
  4 trolls
  14 blink frogs
  7 dream sheep (Lair:6)
  11 hippogriffs
  14 hornets
  20 slime creatures
  A meliai zombie (D:15)
  89 redbacks
  Sigmund (D:6)
  27 tarantellas
  2 shadows
  2 basilisks
  A spriggan (D:7)
  2 vampires
  2 wraiths
  3 wyverns
  33 yaks
  5 hogs
  5 hungry ghosts
  2 redback simulacra
  5 vampire mosquitoes
  A steam dragon (D:10)
  Edmund (D:6)
  Menkaure (D:4)
  5 wargs
  A soldier ant (D:14)
  16 water moccasins
  5 porcupines
  A hornet zombie (D:5)
  A sky beast (D:8)
  3 phantoms
  An eye of draining (Lair:5)
  2 ice beasts (D:11)
  3 black bears
  9 ogres
  8 necrophages
  25 orc warriors
  12 wolves
  9 crocodiles
  11 centaurs
  Blork the orc (D:4)
  12 bullfrogs
  5 big kobolds
  2 wyvern zombies
  3 earth elementals (D:14)
  A scorpion (D:5)
  11 wights
  16 killer bees
  6 howler monkeys
  2 electric eels
  10 crimson imps
  3 quasits
  2 bullfrog zombies
  16 orc priests
  3 centaur skeletons
  6 jellies
  12 hounds
  2 bullfrog skeletons
  A hound (shapeshifter) (D:15)
  21 orc wizards
  Jessica (D:2)
  3 iguanas
  10 worker ants
  Terence (D:2)
  2 hound zombies
  2 worker ant zombies
  7 gnolls
  15 adders
  2 shadow imps
  3 oozes
  An adder zombie (D:9)
  A worm (D:4)
  A dart slug (D:1)
  3 leopard geckos
  87 orcs
  6 bats
  8 giant cockroaches
  4 goblins
  8 hobgoblins
  8 jackals
  3 quokkas
  6 frilled lizards
  2 giant cockroach zombies (D:5)
  A jackal skeleton (D:4)
  19 kobolds
  3 rats
  A bush (Lair:6)
  13 plants
913 creatures vanquished.

Vanquished Creatures (collateral kills)
  A bullfrog (D:7)
  An orc (D:7)
2 creatures vanquished.

Vanquished Creatures (others)
  2 bushes
  7 fungi
  18 plants
27 creatures vanquished.

Grand Total: 942 creatures vanquished

Notes
Turn   | Place    | Note
-------+----------+-------------------------------------------
     0 | Abyss:1  | DeepDeath the Gargoyle Abyssal Knight began the quest for
                  | the Orb.
     0 | Abyss:1  | Reached XP level 1. HP: 14/14 MP: 2/2
     6 | Abyss:1  | Noticed a chaos spawn
    58 | D:1      | Escaped the Abyss
   275 | D:1      | Reached XP level 2. HP: 12/19 MP: 3/3
   601 | D:1      | Reached skill level 3 in Maces & Flails
   776 | D:1      | Reached * piety under Lugonu
  1196 | D:2      | Found a sparkling altar of Nemelex Xobeh.
  1306 | D:2      | Reached XP level 3. HP: 23/23 MP: 4/4
  1320 | D:2      | Noticed Jessica
  1632 | D:2      | Reached skill level 4 in Maces & Flails
  1728 | D:2      | Reached XP level 4. HP: 20/28 MP: 5/5
  2139 | D:2      | Noticed Terence
  2158 | D:2      | Gained mutation: You have sharp fingernails. [potion of
                  | mutation]
  2158 | D:2      | Gained mutation: Your mind is acute. (Int +2) [potion of
                  | mutation]
  2197 | D:2      | Killed Terence
  2245 | D:2      | Reached skill level 5 in Maces & Flails
  2245 | D:2      | Reached XP level 5. HP: 9/32 MP: 6/6
  2615 | D:2      | Killed Jessica
  3273 | D:3      | Reached ** piety under Lugonu
  3309 | D:3      | Found a hide-covered altar of Uskayaw.
  3309 | D:3      | Found an opulent altar of Gozag.
  3309 | D:3      | Found a radiant altar of Vehumet.
  3309 | D:3      | Found a bloodstained altar of Trog.
  3799 | D:4      | Noticed a phantom
  3814 | D:3      | Reached skill level 6 in Maces & Flails
  3874 | D:3      | Reached XP level 6. HP: 30/37 MP: 7/7
  3908 | D:4      | Reached skill level 1 in Throwing
  4369 | D:4      | Noticed Menkaure
  4466 | D:3      | Killed a phantom
  4466 | D:3      | Reached skill level 7 in Maces & Flails
  4466 | D:3      | Reached skill level 1 in Dodging
  4466 | D:3      | Reached XP level 7. HP: 39/41 MP: 8/8
  4638 | D:4      | Found a stormy altar of Qazlal.
  4844 | D:5      | Entered Level 5 of the Dungeon
  4885 | D:5      | Noticed Blork the orc
  5013 | D:5      | Found a staircase to the Ecumenical Temple.
  5264 | D:5      | Reached skill level 8 in Maces & Flails
  5485 | D:5      | Found an opulent altar of Gozag.
  5566 | D:5      | Reached XP level 8. HP: 48/48 MP: 9/9
  5947 | D:6      | Reached *** piety under Lugonu
  5951 | D:6      | Reached skill level 1 in Evocations
  6457 | D:6      | Noticed Sigmund
  6589 | D:6      | Noticed Edmund
  6657 | D:6      | Killed Edmund
  6657 | D:6      | Reached skill level 5 in Fighting
  6862 | D:7      | Noticed Harold
  6863 | D:7      | Reached skill level 9 in Maces & Flails
  6987 | D:7      | Noticed a hippogriff
  6987 | D:7      | Noticed a hippogriff
  7014 | D:6      | Killed a hippogriff
  7014 | D:6      | Reached XP level 9. HP: 23/54 MP: 9/11
  7163 | D:6      | Reached skill level 5 in Armour
  7260 | D:7      | Reached skill level 10 in Maces & Flails
  7604 | D:7      | Identified the cursed +0 pair of boots "Paolaoz" {rElec rF+
                  | Str+3} (You found it on level 7 of the Dungeon)
  7774 | D:7      | Got a jewelled hand axe
  7798 | D:6      | Identified the +1 hand axe of Satyriasis {freeze, Dex+2}
                  | (You found it on level 7 of the Dungeon)
  8070 | D:6      | Killed Sigmund
  8303 | Temple   | Entered the Ecumenical Temple
  8483 | D:4      | Killed Menkaure
  8995 | D:4      | Killed Blork the orc
  8995 | D:4      | Reached skill level 5 in Invocations
  9206 | D:7      | Killed Harold
  9206 | D:7      | Reached skill level 11 in Maces & Flails
  9206 | D:7      | Reached XP level 10. HP: 43/60 MP: 12/14
  9404 | D:8      | Reached **** piety under Lugonu
  9425 | D:8      | Found an ornate altar of the Wu Jian Council.
  9606 | D:8      | Noticed a two-headed ogre
  9636 | D:8      | Killed a two-headed ogre
  9636 | D:8      | Reached skill level 12 in Maces & Flails
 10662 | D:9      | Found a staircase to the Lair.
 10662 | D:9      | Found Adatesy's Antique Weapon Shop.
 10679 | D:9      | Reached XP level 11. HP: 37/66 MP: 15/15
 10948 | D:9      | Noticed a two-headed ogre
 10975 | D:9      | Killed a two-headed ogre
 11286 | D:9      | Found a shimmering altar of Xom.
 11286 | D:9      | Found a burning altar of Makhleb.
 11343 | D:10     | Entered Level 10 of the Dungeon
 11452 | D:10     | Reached ***** piety under Lugonu
 11540 | D:10     | Noticed an orange crystal statue
 11544 | D:10     | Noticed a two-headed ogre
 11569 | D:10     | Killed a two-headed ogre
 11695 | D:9      | Bought a runed eveningstar for 468 gold pieces
 11799 | D:10     | Reached skill level 13 in Maces & Flails
 11860 | D:10     | Found Uhetuom's Antique Weapon Shoppe.
 11987 | D:10     | Identified a scroll of acquirement
 11987 | D:10     | Acquired the +7 mace of Variability {chain chaos}
 11988 | D:10     | Found the +7 mace of Variability {chain chaos}
 12311 | D:11     | Found a roughly hewn altar of Beogh.
 12311 | D:11     | Found a staircase to the Orcish Mines.
 12491 | D:11     | Noticed a cyclops
 12501 | D:11     | Killed a cyclops
 12501 | D:11     | Reached skill level 14 in Maces & Flails
 13242 | D:11     | Noticed a manticore
 13252 | D:11     | Killed a manticore
 13252 | D:11     | Reached XP level 12. HP: 69/72 MP: 17/17
 13398 | Lair:1   | Entered Level 1 of the Lair of Beasts
 14109 | Lair:1   | Reached ****** piety under Lugonu
 14417 | Lair:2   | Noticed a seven-headed hydra
 14433 | Lair:2   | Killed a seven-headed hydra
 14677 | Lair:2   | Found a hole to the Spider Nest.
 15767 | Lair:3   | Noticed an eight-headed hydra
 15781 | Lair:2   | Killed an eight-headed hydra
 15792 | Lair:3   | Reached skill level 15 in Maces & Flails
 15837 | Lair:3   | Found a staircase to the Shoals.
 16173 | Lair:3   | Reached XP level 13. HP: 63/80 MP: 19/19
 17418 | Lair:4   | Noticed Bananafolds's ghost (journeyman MfSk)
 17428 | Lair:4   | Found a runed translucent gate.
 17428 | Lair:4   | Found a runed translucent gate.
 17428 | Lair:4   | Found a runed translucent gate.
 17498 | Lair:4   | Reached skill level 16 in Maces & Flails
 17525 | Lair:4   | Identified the +3 war axe "Ippigge" {freeze, Dex+3} (You
                  | found it on level 4 of the Lair of Beasts)
 18521 | Lair:5   | Learned a level 1 spell: Magic Dart
 18524 | Lair:5   | Learned a level 2 spell: Searing Ray
 18628 | Lair:5   | Found a staircase to the Slime Pits.
 18706 | Lair:5   | Reached skill level 1 in Axes
 18718 | Lair:5   | Reached skill level 1 in Conjurations
 18847 | Lair:5   | Reached skill level 1 in Spellcasting
 20259 | D:12     | Noticed Jorgrun
 20276 | D:12     | Killed Jorgrun
 20398 | Orc:1    | Entered Level 1 of the Orcish Mines
 20451 | Orc:1    | Reached skill level 5 in Throwing
 20502 | Orc:1    | Found a bloodstained altar of Trog.
 20838 | Orc:1    | Noticed a stone giant
 20858 | Orc:1    | Killed a stone giant
 21028 | Orc:2    | Entered Level 2 of the Orcish Mines
 21126 | Orc:2    | Gained mutation: Your large and strong wings let you fly
                  | indefinitely. [Gargoyle growth]
 21126 | Orc:2    | Reached XP level 14. HP: 87/87 MP: 21/21
 21328 | Orc:2    | Found Ivuheugg's Magic Scroll Shop.
 21337 | Orc:2    | Bought a scroll of brand weapon for 200 gold pieces
 21337 | Orc:2    | Bought a scroll of holy word for 75 gold pieces
 21358 | Orc:2    | Found a staircase to the Elven Halls.
 21916 | Orc:2    | Reached skill level 10 in Armour
 22008 | Orc:2    | Paralysed by an orc sorcerer for 6 turns
 22105 | Orc:2    | Reached skill level 10 in Invocations
 22172 | Orc:2    | Reached skill level 10 in Fighting
 22182 | Orc:2    | Found Dicoeg's Magic Scroll Boutique.
 22182 | Orc:2    | Found Ichar's Antique Armour Shoppe.
 22190 | Orc:2    | Found Koshrabenk's Jewellery Shoppe.
 22190 | Orc:2    | Found Jomnush's Food Boutique.
 22246 | Orc:2    | Bought a cursed amulet of inaccuracy for 32 gold pieces
 22249 | Orc:2    | Bought an uncursed ring of resist corrosion for 320 gold
                  | pieces
 22393 | Orc:2    | Bought a scroll of silence for 120 gold pieces
 22393 | Orc:2    | Bought a scroll of identify for 32 gold pieces
 22393 | Orc:2    | Bought a scroll of identify for 32 gold pieces
 22444 | Orc:2    | Bought a scroll of identify for 20 gold pieces
 22543 | D:13     | Noticed Maurice
 22552 | D:13     | Killed Maurice
 22570 | D:13     | Found Hullak's Weapon Boutique.
 22610 | D:13     | Noticed Frances
 22631 | D:13     | Killed Frances
 23391 | D:13     | Found Lysiel's Armour Shop.
 23401 | D:13     | Bought a +1 chain mail of fire resistance for 264 gold
                  | pieces
 24141 | D:14     | Noticed an ironheart preserver
 24269 | D:14     | Killed an ironheart preserver
 24317 | D:14     | Found Koeleado's Pet Rocks.
 24450 | D:14     | Reached skill level 5 in Axes
 24500 | D:14     | Reached XP level 15. HP: 93/93 MP: 23/23
 24504 | D:14     | Found a gate to the Vaults.
 24728 | D:14     | You fall into a shaft and drop 1 floor!
 24728 | D:15     | Entered Level 15 of the Dungeon
 24735 | D:15     | Found a transporter.
 25299 | D:15     | Noticed Yamstis's ghost (adept GnMo)
 25388 | D:15     | Found a transporter.
 25892 | D:15     | Found a staircase to the Depths.
 26146 | D:14     | Found Ofaaraa's Antique Armour Shop.
 26154 | D:14     | Bought a glowing scarf for 296 gold pieces
 26629 | Lair:6   | Entered Level 6 of the Lair of Beasts
 27255 | Lair:6   | Noticed Snorg
 27261 | Lair:6   | Killed Snorg
 27575 | Lair:6   | Found a blossoming altar of Fedhas.
 27821 | Lair:6   | Reached XP level 16. HP: 81/101 MP: 25/25
 27888 | Lair:6   | Reached skill level 5 in Dodging
 28468 | Spider:1 | Entered Level 1 of the Spider Nest
 29183 | Spider:1 | Noticed Zosacw's ghost (adept HaHu)
 29184 | Spider:1 | Found a transporter.
 29201 | Spider:1 | Found a transporter.
 29917 | Spider:1 | Found a roughly hewn altar of Beogh.
 29997 | Spider:2 | Noticed Kirke
 30633 | Spider:2 | Noticed Arachne
 30661 | Spider:2 | Killed Arachne
 31210 | Spider:2 | Killed Kirke
 31618 | D:14     | Bought a dazzling plate armour for 1036 gold pieces
 31621 | D:14     | Identified the +11 plate armour of Thoughtfulness {+Blink
                  | rF+ Str-4} (You bought it in a shop on level 14 of the
                  | Dungeon)
 31850 | Spider:3 | Noticed Roxanne
 32121 | Spider:3 | Reached XP level 17. HP: 22/109 MP: 0/26
 33118 | Spider:4 | Entered Level 4 of the Spider Nest
 33921 | Spider:4 | Noticed Asterion
 33962 | Spider:4 | Killed Asterion
 34843 | D:15     | Slain by a redback

Illustrated notes

Levels and vault maps discovered:
D:1:      lemuel_arrival_funnel, layout_basic, minmay_misc_feat_enclosed
D:2:      layout_basic, nemelex_spade_bored_becter, uniq_terence, uniq_jessica
D:3:      layout_rooms, chequers_temple_overflow_statue_of_worship
D:4:      layout_loops_ring, overflow_temple_1_default, first_ration,
          serial_bayou_pond_a, uniq_menkaure
D:5:      layout_loops_ring, minmay_temple_entry_water_ring,
          grunt_gozag_statues, uniq_blork_the_orc
D:6:      layout_loops_cross, sigmund_edmund_badplayer
D:7:      layout_cave_pools, the_bakery, nrook_loot_triangle, uniq_harold
D:8:      layout_loops_corners, old_standard_altar,
          hangedman_decor_clover_reticule
D:9:      layout_loops_ring, grunt_temple_overflow_champion_of_chaos,
          erik_lair_orcish_takeover, serial_shops, shop
D:10:     layout_rooms, serial_shops, nicolae_shop_trees,
          minmay_protected_statue
D:11:     layout_gridville, david_orc_5, kennysheep_decorative_pillar
D:12:     layout_irregular_city, dk_vineyard_3, uniq_jorgrun
D:13:     layout_small_grid, serial_shops, shop, nicolae_shop_window_shopping,
          uniq_maurice, uniq_frances
D:14:     layout_grid_maze, skrybe_vaults_entry_preservation, serial_shops,
          shop, minmay_misc_feat_plants, guppyfry_shop_earth
D:15:     hangedman_depths_entry_try_elsewhere_first, layout_long_grid,
          chequers_serial_rivers_room_a, gammafunk_ghost_berserking_beasts
Temple:   eino_temple_lava
Lair:1:   layout_roguey, serial_forest, infiniplex_forest_zigzag_1,
          infiniplex_forest_straight_4, infiniplex_forest_side_room,
          infiniplex_forest_end_2, infiniplex_forest_zigzag_1,
          infiniplex_forest_clump_medium, infiniplex_forest_end_2,
          infiniplex_forest_clump_small
Lair:2:   layout_regular_city, nicolae_spider_entry_orb_guardian, minivault_11,
          chequers_serial_rivers_room_b, roderic_carrion_pond
Lair:3:   layout_small_grid, elwin_shoals_entry_stream,
          minmay_stone_trees_medium, serial_bayou_shore_a, grunt_megastairs_2,
          lemuel_fruit_fields
Lair:4:   layout_layer_cave, gammafunk_ghost_split,
          nicolae_quartered_pool_medium, chequers_serial_rivers_micro_b,
          wad_woods_river_01
Lair:5:   layout_gridlike, minmay_slime_entry_eyes, grunt_megastairs_4,
          serial_bayou_shore_b, minmay_lair_oklob_chamber
Lair:6:   evilmike_catoblepas_cave, layout_gridlike, bh_autumn_forest_stairs,
          serial_bayou_lagoon_a, tgw_fedhas, uniq_snorg
Spider:1: nicolae_spider_mines_2, gammafunk_ghost_arena
Spider:2: layout_spider_delve, nicolae_spider_nook, uniq_arachne, uniq_kirke
Spider:3: layout_spider_delve, uniq_roxanne
Spider:4: guppyfry_spider_rune, spiders_nest_hornet_nest, uniq_asterion
Orc:1:    layout_diamond_mine, bloody_trog
Orc:2:    grunt_orc_tribal_feast, layout_caves, serial_shops,
          nicolae_shop_behind_doors

Skill      XL: |  1  2  3  4  5  6  7  8  9 10 11 12 13 14 15 16 17 |
---------------+----------------------------------------------------+-----
Maces & Flails | 3 4 5 6 7 8 9 11 12 14 15 16 | 16.0
Throwing       | 1 2 4 5 6 8 |  8.0
Dodging        | 1 2 4 7 |  7.0
Armour         | 3 4 6 7 8 9 11 12 13 14 | 14.7
Fighting       | 4 5 6 7 8 9 10 12 13 | 13.9
Evocations     | 2 |  2.0
Invocations    | 3 5 6 7 8 9 10 12 | 12.0
Axes           | 2 5 6 8 9 |  9.6
Conjurations   | 2 |  2.0
Spellcasting   | 2 |  2.0

Action                   |  1- 3 |  4- 6 |  7- 9 | 10-12 | 13-15 | 16-18 || total
-------------------------+-------+-------+-------+-------+-------+-------++-------
Melee: Mace              |    73 |   261 |   233 |       |       |       ||   567
       Flail             |       |       |   242 |   404 |       |       ||   646
       Eveningstar       |       |       |       |   431 |  1332 |   698 ||  2461
       War axe           |       |       |       |       |     9 |    73 ||    82
       Unarmed           |       |       |       |       |       |     6 ||     6
Throw: Stone             |     8 |    18 |       |       |       |       ||    26
       Dart              |       |    20 |    54 |    25 |       |       ||    99
       Boomerang         |       |       |    11 |    50 |   213 |   117 ||   391
       Throwing net      |       |       |       |     3 |       |       ||     3
Invok: Depart the Abyss  |     1 |       |       |       |       |       ||     1
       Bend Space        |       |       |     4 |       |       |       ||     4
 Abil: Fly               |       |       |       |       |     1 |     1 ||     2
       Stop Flying       |       |       |       |       |     1 |     1 ||     2
Evoke: Wand              |       |       |    10 |     5 |     7 |    19 ||    41
  Use: Scroll            |     6 |     6 |     6 |     7 |    16 |     8 ||    49
       Potion            |       |     3 |       |     1 |       |     3 ||     7
 Stab: Paralysed         |       |       |     6 |     3 |     4 |       ||    13
       Held in net/web   |       |       |       |     2 |       |       ||     2
       Petrified         |       |       |       |       |     3 |       ||     3
       Petrifying        |       |       |       |       |     1 |       ||     1
       Distracted        |       |       |       |       |       |     1 ||     1
  Eat: Chunk             |     2 |     9 |    14 |    21 |    26 |    13 ||    85
       Ration            |       |       |     1 |     3 |     4 |     3 ||    11
Armor: Leather armour    |    50 |    49 |       |       |       |       ||    99
       Ring mail         |       |    70 |   237 |       |   229 |       ||   536
       Scale mail        |       |       |    71 |   181 |       |       ||   252
       Steam dragon scal |       |       |       |   185 |    78 |       ||   263
       Chain mail        |       |       |       |       |   495 |   739 ||  1234
Dodge: Dodged            |    42 |   156 |   261 |   301 |   584 |   508 ||  1852
